AoeStats
← ccereal

Arabia

509979717Analyzed
2v2 RM · 3d ago on Sep 28, 2026· 35m 5s· 4 players
Game mode
Random Map
Map size
Medium (4 player)
Population
200
Speed
Normal
Resources
Standard
Victory
Conquest
Starting age
Dark Age
Ending age
Imperial Age
RankedLock teamsTeams togetherTeam positionsShared explorationLock speedFull tech treeHidden civsTurbo modeCheats
Victory
Defeat
🇫🇷 Mongols · France
1604
+9
🇫🇷 Vietnamese · France
1513
+13
🇨🇴 Magyars · Colombia
1448
-11
🇪🇸 Wei · Spain
1436
-11
ccereal
5:15 Loom
7:33 Feudal Age
8:02 Double-Bit Axe
15:17 Forging
16:05 Wheelbarrow
19:46 Castle Age
18:33 Scale Barding Armor
18:22 Horse Collar
19:12 Forging
19:19 Bloodlines
19:37 Forging
20:20 Light Cavalry
21:00 Husbandry
22:11 Bow Saw
26:23 Gold Mining
28:25 Chain Barding Armor
29:08 Iron Casting
28:35 Town Watch
32:13 Hand Cart
33:34 Fletching
Flybidi
5:02 Loom
8:16 Feudal Age
14:30 Fletching
25:18 Castle Age
23:42 Double-Bit Axe
23:38 Horse Collar
23:50 Gold Mining
24:28 Padded Archer Armor
25:57 Bodkin Arrow
25:27 Crossbowman
26:57 Wheelbarrow
26:33 Bow Saw
28:10 Ballistics
29:27 Hand Cart
29:15 Heavy Plow
29:07 Stone Mining
30:07 Thumb Ring
37:14 Imperial Age
Roberto
6:44 Loom
8:49 Feudal Age
10:03 Double-Bit Axe
10:39 Horse Collar
14:41 Scale Barding Armor
17:11 Bloodlines
18:38 Wheelbarrow
22:28 Castle Age
22:02 Forging
21:52 Fletching
24:59 Elite Skirmisher
25:20 Light Cavalry
27:43 Bow Saw
27:47 Bodkin Arrow
29:02 Padded Archer Armor
31:20 Ballistics
SHAKA14
6:48 Loom
8:59 Feudal Age
10:32 Double-Bit Axe
16:36 Bloodlines
20:57 Scale Barding Armor
24:01 Castle Age
22:49 Gold Mining
25:05 Chain Barding Armor
27:05 Husbandry
31:31 Bow Saw
34:51 Gold Shaft Mining
34:14 Stone Mining
Connection lost

Rejoining the realm…

Still unreachable

The connection could not be restored.

Session expired

The server has moved on; the page needs a fresh start.